 Dungeon Crawl Stone Soup version 0.28-a0-1199-gef9e1dbd39 (webtiles) character file.

Game seed: 11529832971902162293

203 shoop the Chopper (level 5, -2/43 HPs)
             Began as a Palentonga Abyssal Knight on Dec 20, 2021.
             Was a Believer of Lugonu.
             Slain by a black bear (3 damage)
             ... on level 4 of the Dungeon.
             The game lasted 00:07:14 (4991 turns).

shoop the Chopper (Palentonga Abyssal Knight)       Turns: 4991, Time: 00:07:14

Health: -2/43      AC:  8    Str: 24    XL:     5   Next: 51%
Magic:  6/6        EV:  9    Int: 11    God:    Lugonu [**....]
Gold:   154        SH:  0    Dex: 10    Spells: 4/4 levels left

rFire   + . .      SeeInvis +   a - +1 hand axe
rCold   . . .      Faith    .   (no shield)
rNeg    . . .      Spirit   .   x - +3 leather armour {rF+}
rPois   .          Reflect  .   (no helmet)
rElec   .          Harm     .   t - +0 cloak
rCorr   .          Rampage  .   (no gloves)
Will    .....                   (no barding)
Stlth   +.........              (no amulet)
HPRegen 0.14/turn               w - +6 ring of strength
MPRegen 0.10/turn               (no ring)

@: no status effects
A: large, rugged brown scales 3, see invisible, deformed body, roll 1, armoured
tail
a: Rolling Charge, Renounce Religion, Depart the Abyss, Bend Space


You were on level 4 of the Dungeon.
You worshipped Lugonu.
Lugonu was pleased with you.
You visited 1 branch of the dungeon, and saw 4 of its levels.
You visited the Abyss 1 time.

You collected 154 gold pieces.

Inventory:

Hand Weapons
 a - a +1 hand axe (weapon)
 i - a +0 war axe
Missiles
 y - 2 javelins
Armour
 b - a +0 leather armour
 n - a +0 kite shield
 t - a +0 cloak (worn)
 x - a +3 leather armour of fire resistance (worn)
Jewellery
 w - a +6 ring of strength (left hand)
Wands
 c - a wand of acid (4)
 d - a wand of iceblast (5)
Scrolls
 e - a scroll of amnesia {unknown}
 f - a scroll of identify {unknown}
 h - 2 scrolls of silence {unknown}
 j - a scroll of torment {unknown}
 m - a scroll of summoning {unknown}
 r - 2 scrolls of teleportation {unknown}
 u - a scroll of fear {unknown}
 v - a scroll of noise {unknown}
Potions
 g - a potion of heal wounds
 k - a potion of ambrosia {unknown}
 l - 2 potions of flight {unknown}
 o - a potion of magic {unknown}
 p - a potion of haste {unknown}
 q - 2 potions of degeneration {unknown}
 s - 2 potions of lignification {unknown}


   Skills:
 - Level 3.0 Fighting
 * Level 5.0 Axes
 + Level 1.5 Armour
 + Level 0.7 Dodging
 - Level 1.0 Stealth
 - Level 2.0 Invocations
 - Level 2.0 Evocations


You had 4 spell levels left.
You didn't know any spells.
Your spell library contained the following spells:

 Spells                   Type           Power      Damage    Failure   Level
 Magic Dart               Conj           0%         1d3       38%         1
 Blink                    Tloc           0%         N/A       52%         2
 Searing Ray              Conj           0%         2d4       52%         2
 Fulminant Prism          Conj/Hex       0%         3d6       99%         4


Dungeon Overview and Level Annotations

Branches:
Dungeon (4/15)
 Temple: D:4-7

Altars:

Shops:
D:2 [

Annotations:
D:2 exclusions: adder and frilled lizard


Innate Abilities, Weirdness & Mutations

You are completely covered in rugged brown scales. (AC +3, +7% HP)
You have supernaturally acute eyesight. (SInv)
Armour fits poorly on your strangely shaped body.
You can roll at nearby foes to attack.
You have a long armoured tail.


Message History

The black bear closely misses you. The black bear completely misses you.
You hit the black bear.
The black bear is severely wounded.
The black bear goes berserk!
You barely miss the black bear.
The black bear is severely wounded.
The black bear bites you.
The black bear claws you but does no damage.
The black bear barely misses you. The black bear bites you.
The black bear claws you but does no damage.
The black bear closely misses you.
You closely miss the black bear.
The black bear is severely wounded.
The black bear bites you.
The black bear claws you but does no damage. x2
Unknown command.
You hit the black bear.
The black bear is severely wounded.
The black bear bites you but does no damage.
The black bear claws you but does no damage.
The black bear barely misses you.
The black bear bites you but does no damage.
The black bear claws you. The black bear barely misses you.
Okay, then.
Okay, then.
You hit the black bear but do no damage.
The black bear is severely wounded.
The black bear barely misses you.
The black bear claws you but does no damage.
The black bear claws you.
You slash the black bear!
The black bear is almost dead.
The black bear bites you. The black bear claws you.
* * * LOW HITPOINT WARNING * * *
The black bear claws you.
* * * LOW HITPOINT WARNING * * *
The black bear bites you!
* * * LOW HITPOINT WARNING * * *
The black bear claws you.
You die...

########
#......#
#....?.#
#......#
#...@..#
#...h#.#
#....#.#######.#
#)...#.#.......#
#....#.#.#######
##+###.#.##
#....####
#####...#######
#.#.#.....#


You could see a black bear (berserk).

Vanquished Creatures
  An orc priest (D:3)
  Jessica (D:2)
  5 adders
  9 orcs
  5 ball pythons
  5 endoplasms
  6 giant cockroaches
  9 goblins
  9 hobgoblins
  10 jackals
  5 kobolds
  4 quokkas
  4 bats
  5 frilled lizards
  4 rats
82 creatures vanquished.

Vanquished Creatures (others)
  A plant (D:4)
1 creature vanquished.

Grand Total: 83 creatures vanquished

Notes
Turn   | Place    | Note
-------+----------+-------------------------------------------
     0 | Abyss:1  | shoop the Palentonga Abyssal Knight began the quest for the
                  | Orb.
     0 | Abyss:1  | Reached XP level 1. HP: 19/19 MP: 2/2
    28 | Abyss:1  | Noticed a large abomination
    28 | Abyss:1  | Noticed a hellwing
    32 | Abyss:2  | Found a corrupted altar of Lugonu.
    54 | Abyss:2  | Noticed a small abomination
    63 | D:1      | Escaped the Abyss
   247 | D:1      | Reached * piety under Lugonu
   427 | D:1      | Reached XP level 2. HP: 23/25 MP: 3/3
  1386 | D:2      | Reached skill level 1 in Evocations
  1389 | D:2      | Reached XP level 3. HP: 25/31 MP: 4/4
  1610 | D:2      | Reached skill level 3 in Axes
  2099 | D:2      | Reached skill level 1 in Stealth
  2185 | D:2      | Found Sytij's Armour Emporium.
  2302 | D:2      | Found a faded altar of an unknown god.
  2599 | D:2      | Reached XP level 4. HP: 34/37 MP: 5/5
  2760 | D:2      | Noticed Jessica
  2767 | D:2      | Killed Jessica
  2771 | D:2      | Got Jessica's Catalogue of the Traveller
  3223 | D:3      | Reached skill level 4 in Axes
  3223 | D:3      | Reached ** piety under Lugonu
  3648 | D:3      | Reached XP level 5. HP: 37/43 MP: 6/6
  4793 | D:4      | Reached skill level 5 in Axes
  4981 | D:4      | Noticed a black bear
  4991 | D:4      | HP: 1/43 [black bear (7)]
  4991 | D:4      | Slain by a black bear

Illustrated notes

Levels and vault maps discovered:
D:1:      dpeg_arrival_rooms_b, layout_loops_cross, moated_statue,
          minmay_misc_feat_nine_boxes, amcnicky_mini_corridor_feature,
          due_unseen_surprise
D:2:      layout_basic, hellmonk_ecumenical_altar_leap_of_faith, serial_shops,
          nicolae_shop_stone, hangedman_abyss_or_decor_stabs,
          kennysheep_jessica_study
D:3:      layout_loops_corners, minmay_goblin_kobold_house
D:4:      layout_basic, serial_bayou_pond_d

Skill      XL: |  1  2  3  4  5 |
---------------+----------------+-----
Evocations     | 1 2 |  2.0
Axes           | 3 4 5 |  5.0
Stealth        | 1 |  1.0
Fighting       | |  3.0
Armour         | |  1.5
Dodging        | |  0.7
Invocations    | |  2.0

Action                   |  1- 3 |  4- 6 || total
-------------------------+-------+-------++-------
Melee: Hand axe          |    18 |   140 ||   158
       Tailslap          |    14 |    14 ||    28
       War axe           |   115 |       ||   115
Invok: Depart the Abyss  |     1 |       ||     1
 Abil: Rolling Charge    |       |     3 ||     3
  Use: Potion            |     2 |       ||     2
Armor: Leather armour    |    75 |    63 ||   138
Dodge: Dodged            |    90 |    53 ||   143

Table legend: (Time is in decaauts)
 A = Elapsed time spent in this place.
 B = Non-inter-level travel time spent in this place.
 C = Inter-level travel time spent in this place.
 D = Time resting spent in this place.
 E = Time spent auto-exploring this place.
 F = Levels seen in this place.
 G = Mean time per level.
                   A        B        C        D        E       F      G
               +--------+--------+--------+--------+--------+-----+--------+
         Total |   5044 |   4893 |    151 |    297 |   3804 |   6 |  840.7 |
       Dungeon |   4981 |   4830 |    151 |    297 |   3785 |   4 | 1245.2 |
         Abyss |     62 |     62 |      0 |      0 |     19 |   2 |   31.0 |
               +--------+--------+--------+--------+--------+-----+--------+

Top non-repeatable levels by time:
     D:2: 1961 daAuts
     D:3: 1452 daAuts
     D:1: 1147 daAuts
     D:4: 420 daAuts
 Abyss:1: 32 daAuts
 Abyss:2: 30 daAuts
